 Dungeon Crawl Stone Soup version 0.22.1-1-ga44c0e56f4 (webtiles) character file.

732 Reeggar the Chopper (level 7, 0/62 HPs)
             Began as a Deep Dwarf Fighter on Nov 7, 2018.
             Slain by Duvessa
             ... wielding a +0 rapier
              (4 damage)
             ... on level 5 of the Dungeon.
             The game lasted 00:15:50 (3783 turns).

Reeggar the Chopper (Deep Dwarf Fighter)            Turns: 3783, Time: 00:15:50

Health: 0/62       AC:  9    Str: 21    XL:     7   Next: 45%
Magic:  7/7        EV:  6    Int:  9    God:
Gold:   187        SH: 11    Dex: 12    Spells: 6/6 levels left

rFire    . . .     SeeInvis .   a - +1 war axe
rCold    . . .     Gourm    +   c - +1 shield
rNeg     . . .     Faith    .   l - +0 chain mail
rPois    .         Spirit   .   (no helmet)
rElec    .         Reflect  .   (no cloak)
rCorr    .         Harm     .   (no gloves)
MR       +....                  (no boots)
Stlth    ..........             q - amulet of the gourmand
HPRegen  0.00/turn              (no ring)
MPRegen  0.10/turn              (no ring)

@: non-regenerating
A: damage resistance, heal wounds, sense surroundings 1, no regeneration
a: Heal Wounds


You were on level 5 of the Dungeon.
You were full.

You visited 1 branch of the dungeon, and saw 5 of its levels.

You collected 187 gold pieces.

Inventory:

Hand Weapons
 a - a +1 war axe (weapon)
Armour
 c - a +1 shield (worn)
 e - a +0 plate armour
 l - a +0 chain mail (worn)
Jewellery
 k - a cursed -3 ring of slaying {unknown}
 q - an amulet of the gourmand (around neck)
 v - an uncursed ring of fire {unknown}
 x - an uncursed ring of see invisible {unknown}
Wands
 y - a wand of disintegration (15)
Scrolls
 g - a scroll of amnesia {unknown}
 i - a scroll of fog
 o - 2 scrolls of teleportation
 r - 3 scrolls of remove curse
 s - 2 scrolls of magic mapping
 w - a scroll of blinking {unknown}
 z - a scroll of noise {unknown}
Potions
 b - a potion of brilliance {unknown}
 d - a potion of might
 h - a potion of lignification {unknown}
 j - a potion of heal wounds {unknown}
 m - a potion of berserk rage {unknown}
 n - a potion of flight {unknown}
 p - a potion of mutation {unknown}
 t - a potion of ambrosia {unknown}
 u - a potion of magic {unknown}
 A - a potion of curing {unknown}
Comestibles
 f - 3 rations


   Skills:
 + Level 3.6 Fighting
 + Level 6.7 Axes
 + Level 5.0 Armour
 - Level 0.7 Dodging
 + Level 5.1 Shields


You had 6 spell levels left.
You didn't know any spells.
Your spell library was empty.

Dungeon Overview and Level Annotations

Branches:
Dungeon (5/15)
 Temple: D:4-7

Altars:
Elyvilon
Makhleb
Sif Muna
Vehumet

Annotations:
D:5 Dowan, Duvessa


Innate Abilities, Weirdness & Mutations

You are resistant to damage.
You can heal yourself by infusing magical energy.
You passively map a small area around you.
You do not regenerate.


Message History

You hit the iguana.
You kill the iguana!
You hit Duvessa. You block the ogre's attack.
Duvessa zaps a wand.
You resist with almost no effort.
It is a wand of polymorph (9).
Dowan casts a spell.
Dowan blinks!
A gnoll comes into view. It is wielding a whip.
Duvessa zaps a wand.
You resist with almost no effort.
You slash the ogre!
The ogre is heavily wounded.
You barely miss Duvessa. The ogre hits you with a giant club!!
* * * LOW HITPOINT WARNING * * *
Duvessa zaps a wand.
You resist with almost no effort.
A gnoll comes into view.
You slash the ogre!
The ogre is almost dead.
You slash Duvessa! The ogre hits you with a giant club.
* * * LOW HITPOINT WARNING * * *
Duvessa hits you with a rapier.
You die...

, * , , , * ,, ,
, * ..., * ... ,
, * .>.. , * ,
.....,, , , , ,
.....##, ,*,,, ,
.......## . , ,
, *#e@## # .., *
...####O%#.##..
,,
.......†.g....(.
,
.....##.##.##...
...# #)†..g....
,, ..,
,,#.<.......
................
,
...$.........g..
,
.##.##..........


You could see Duvessa, an ogre and 3 gnolls.

Vanquished Creatures
  Menkaure (D:4)
  A centaur (D:2)
  A howler monkey (D:5)
  4 hounds (D:4)
  3 orc priests
  2 orc wizards
  2 iguanas
  A worker ant (D:4)
  Terence (D:3)
  5 oozes
  2 worms (D:2)
  3 dart slugs
  8 leopard geckos
  8 orcs
  2 ball pythons
  4 bats
  8 giant cockroaches
  9 goblins
  7 hobgoblins
  13 jackals
  6 frilled lizards
  A jackal skeleton (D:4)
  6 kobolds
  9 rats
107 creatures vanquished.

Notes
Turn   | Place    | Note
-------+----------+-------------------------------------------
     0 | D:1      | Reeggar the Deep Dwarf Fighter began the quest for the Orb.
     0 | D:1      | Reached XP level 1. HP: 20/20 MP: 1/1
     3 | D:1      | Found a runed door.
   121 | D:1      | Reached XP level 2. HP: 22/27 MP: 2/2
   177 | D:1      | You fall through a shaft!
   793 | D:1      | Reached XP level 3. HP: 28/34 MP: 3/3
  1317 | D:1      | Reached skill level 3 in Axes
  1458 | D:2      | Reached XP level 4. HP: 34/42 MP: 4/4
  1490 | D:2      | Found a radiant altar of Vehumet.
  1515 | D:2      | Noticed a centaur
  1529 | D:2      | Killed a centaur
  1529 | D:2      | Reached skill level 4 in Axes
  1529 | D:2      | Reached XP level 5. HP: 26/49 MP: 5/5
  2138 | D:3      | Found a white marble altar of Elyvilon.
  2249 | D:3      | Noticed Terence
  2255 | D:3      | Killed Terence
  2503 | D:3      | Reached skill level 5 in Axes
  2593 | D:3      | Reached XP level 6. HP: 32/56 MP: 6/6
  3094 | D:4      | Noticed Menkaure
  3102 | D:4      | Killed Menkaure
  3102 | D:4      | Reached skill level 6 in Axes
  3104 | D:4      | Reached XP level 7. HP: 26/62 MP: 7/7
  3232 | D:4      | Found a burning altar of Makhleb.
  3238 | D:4      | Reached skill level 5 in Shields
  3415 | D:4      | Found a deep blue altar of Sif Muna.
  3762 | D:5      | Entered Level 5 of the Dungeon
  3770 | D:5      | Reached skill level 5 in Armour
  3771 | D:5      | Noticed Duvessa
  3771 | D:5      | Noticed Dowan
  3783 | D:5      | Slain by Duvessa

Skill      XL: |  1  2  3  4  5  6  7 |
---------------+----------------------+-----
Fighting       | 3 |  3.6
Axes           | 3 4 5 6 |  6.7
Armour         | 4 5 |  5.0
Shields        | 4 5 |  5.1
Dodging        | |  0.7

Action                   |  1- 3 |  4- 6 |  7- 9 || total
-------------------------+-------+-------+-------++-------
Melee: War axe           |    92 |   155 |    46 ||   293
 Abil: Heal Wounds       |     1 |     3 |     2 ||     6
  Use: Scroll            |     4 |     4 |       ||     8
  Eat: Chunk             |     2 |     4 |       ||     6
       Ration            |       |     3 |       ||     3
Armor: Scale mail        |    37 |       |       ||    37
       Chain mail        |    23 |    71 |    23 ||   117
Dodge: Dodged            |    31 |    26 |    13 ||    70
Block: Shield            |    60 |   100 |    37 ||   197
